SAAA
SAINT-JÉRÔME AMISH @ BAY CITY BOMBERS
06/23/2017
 
TOP OF THE 1ST
Thomasville Lookouts batting - Pitching for Saint-Jérôme Amish : RHP Jim Unknown
Pitching: RHP Jim Unknown
Batting: RHB José Moreno 0-0: Ground out 1-3 (Groundball, 13S)
Batting: RHB Jim Unknown 0-0: Swinging Strike
0-1: Ball
1-1: Ground out 4-3 (Groundball, 4)
Batting: LHB Pat Carrasco 0-0: Ground out 6-3 (Groundball, 6)
Top of the 1st over - 0 run(s), 0 hit(s), 0 error(s), 0 left on base; Thomasville 0 - Saint-Jérôme 0
BOTTOM OF THE 1ST
Saint-Jérôme Amish batting - Pitching for Thomasville Lookouts : RHP Jim Unknown
Pitching: RHP Jim Unknown
Batting: RHB Spencer Curry 0-0: Foul Ball, location: 2F
0-1: Ball
1-1: Swinging Strike
1-2: Strikes out swinging
Batting: RHB Jim Unknown 0-0: Ball
1-0: Ball
2-0: Swinging Strike
2-1: Foul Ball, location: 2F
2-2: Strikes out swinging
Batting: RHB Walt Richard 0-0: Foul Ball, location: 2F
0-1: Ball
1-1: Foul Ball, location: 2F
1-2: Ball
2-2: Strikes out looking
Bottom of the 1st over - 0 run(s), 0 hit(s), 0 error(s), 0 left on base; Thomasville 0 - Saint-Jérôme 0
TOP OF THE 2ND
Thomasville Lookouts batting - Pitching for Saint-Jérôme Amish : RHP Jim Unknown
Batting: RHB Jim Unknown 0-0: Called Strike
0-1: Ball
1-1: Called Strike
1-2: Ball
2-2: Ball
3-2: Foul Ball, location: 2F
3-2: Base on Balls
Batting: RHB Javier González 0-0: DOUBLE (Line Drive, 8LS)
Jim Unknown to third
Batting: RHB Dave Rogers 0-0: Fly out, F8 (Flyball, 8LM)
Runner from 3rd tags up, SCORES, throw made
Batting: RHB Jim Unknown 0-0: Foul Ball, location: 2F
0-1: Ball
1-1: Foul Ball, location: 2F
1-2: Ball
2-2: Ball
3-2: Foul Ball, location: 2F
3-2: Foul Ball, location: 2F
3-2: Strikes out swinging
Batting: RHB Jim Unknown 0-0: Ball
1-0: Ball
2-0: Ground out 6-3 (Groundball, 6M)
Top of the 2nd over - 1 run(s), 1 hit(s), 0 error(s), 1 left on base; Thomasville 1 - Saint-Jérôme 0
BOTTOM OF THE 2ND
Saint-Jérôme Amish batting - Pitching for Thomasville Lookouts : RHP Jim Unknown
Batting: RHB Archie Brush 0-0: DOUBLE (Groundball, 5L)
Batting: LHB Jim Unknown 0-0: Ball
1-0: Fly out, F9 (Flyball, 9LM)
Batting: RHB Jim Unknown 0-0: Ball
1-0: Ball
2-0: Ball
3-0: Base on Balls
Batting: LHB Jim Unknown 0-0: Ball
1-0: Foul Ball, location: 2F
1-1: Foul Ball, location: 2F
1-2: 3-RUN HOME RUN (Flyball, 89XD), Distance : 370 ft
Batting: RHB Jim Unknown 0-0: Called Strike
0-1: Called Strike
0-2: Strikes out swinging
Batting: RHB Jim Unknown 0-0: Ball
1-0: Foul Ball, location: 2F
1-1: Foul Ball, location: 2F
1-2: Foul Ball, location: 2F
1-2: Foul Ball, location: 2F
1-2: Fly out, F9 (Flyball, 9LDF)
Bottom of the 2nd over - 3 run(s), 2 hit(s), 0 error(s), 0 left on base; Thomasville 1 - Saint-Jérôme 3
TOP OF THE 3RD
Thomasville Lookouts batting - Pitching for Saint-Jérôme Amish : RHP Jim Unknown
Batting: RHB Juan Gonzáles 0-0: Called Strike
0-1: Ball
1-1: Called Strike
1-2: SINGLE (Line Drive, 5D)
Batting: RHB José Moreno 0-0: Foul Ball, location: 2F
0-1: Foul Ball, location: 2F
0-2: Strikes out swinging
Batting: RHB Jim Unknown 0-0: Ball
1-0: Foul Ball, location: 2F
1-1: Ball
2-1: SINGLE (Groundball, 4MD)
Juan Gonzáles to second
Batting: LHB Pat Carrasco 0-0: Ball
1-0: Called Strike
1-1: Called Strike
1-2: Strikes out swinging
Batting: RHB Jim Unknown 0-0: Called Strike
0-1: Ball
1-1: Swinging Strike
1-2: Ball
2-2: Ball
3-2: Foul Ball, location: 2F
3-2: Base on Balls
Juan Gonzáles to third
Jim Unknown to second
Batting: RHB Javier González 0-0: Called Strike
0-1: Ball
1-1: Foul Ball, location: 2F
1-2: Foul Ball, location: 2F
1-2: Ball
2-2: Ball
3-2: Foul Ball, location: 2F
3-2: Fly out, F4 (Line Drive, 4)
Top of the 3rd over - 0 run(s), 2 hit(s), 0 error(s), 3 left on base; Thomasville 1 - Saint-Jérôme 3
BOTTOM OF THE 3RD
Saint-Jérôme Amish batting - Pitching for Thomasville Lookouts : RHP Jim Unknown
Batting: RHB Spencer Curry 0-0: Ball
1-0: SINGLE (Line Drive, 9LS)
Batting: RHB Jim Unknown 0-0: Ball
1-0: Foul Ball, location: 2F
1-1: Foul Ball, location: 2F
1-2: Foul Ball, location: 2F
1-2: SINGLE (Flyball, 89S)
Spencer Curry to second
Batting: RHB Walt Richard 0-0: Foul Ball, location: 2F
0-1: Foul Ball, location: 2F
0-2: Ball
1-2: Strikes out looking
Batting: RHB Archie Brush 0-0: Called Strike
0-1: Foul Ball, location: 2F
0-2: Strikes out looking
Batting: LHB Jim Unknown 0-0: Ball
1-0: Called Strike
1-1: Ball
2-1: Ground out 1-3 (Groundball, 13S)
Bottom of the 3rd over - 0 run(s), 2 hit(s), 0 error(s), 2 left on base; Thomasville 1 - Saint-Jérôme 3
TOP OF THE 4TH
Thomasville Lookouts batting - Pitching for Saint-Jérôme Amish : RHP Jim Unknown
Batting: RHB Dave Rogers 0-0: Called Strike
0-1: Swinging Strike
0-2: Ball
1-2: Ball
Single, Error in OF, E7, batter to second base
Batting: RHB Jim Unknown 0-0: SINGLE (Line Drive, 7LS)
Dave Rogers to third
Batting: RHB Jim Unknown 0-0: Grounds into double play, 6-4-3 (Groundball, 56)
Dave Rogers scores
Batting: RHB Juan Gonzáles 0-0: Ball
1-0: Foul Ball, location: 2F
1-1: Ball
2-1: SINGLE (Groundball, 13) (infield hit)
Batting: RHB José Moreno 0-0: Called Strike
0-1: Ground out 1-3 (Groundball, 34S)
Top of the 4th over - 1 run(s), 3 hit(s), 1 error(s), 1 left on base; Thomasville 2 - Saint-Jérôme 3
BOTTOM OF THE 4TH
Saint-Jérôme Amish batting - Pitching for Thomasville Lookouts : RHP Jim Unknown
Batting: RHB Jim Unknown 0-0: Called Strike
0-1: Foul Ball, location: 2F
0-2: Ball
1-2: Fly out, F4 (Line Drive, 4M)
Batting: LHB Jim Unknown 0-0: Called Strike
0-1: Ball
1-1: Fly out, F7 (Flyball, 7S)
Batting: RHB Jim Unknown 0-0: Called Strike
0-1: Ball
1-1: Ball
2-1: Ball
3-1: Bunt for hit - play at first, batter OUT! 3-4
Bottom of the 4th over - 0 run(s), 0 hit(s), 0 error(s), 0 left on base; Thomasville 2 - Saint-Jérôme 3
TOP OF THE 5TH
Thomasville Lookouts batting - Pitching for Saint-Jérôme Amish : RHP Jim Unknown
Batting: RHB Jim Unknown 0-0: Called Strike
0-1: Ball
1-1: Fly out, F4 (Popup, 34D)
Batting: LHB Pat Carrasco 0-0: Called Strike
0-1: Ball
1-1: Ball
2-1: Fly out, F8 (Flyball, 8RM)
Batting: RHB Jim Unknown 0-0: Foul Ball, location: 2F
0-1: Swinging Strike
0-2: Ball
1-2: Fly out, F9 (Flyball, 89M)
Top of the 5th over - 0 run(s), 0 hit(s), 0 error(s), 0 left on base; Thomasville 2 - Saint-Jérôme 3
BOTTOM OF THE 5TH
Saint-Jérôme Amish batting - Pitching for Thomasville Lookouts : RHP Jim Unknown
Batting: RHB Jim Unknown 0-0: Fly out, F9 (Flyball, 89M)
Batting: RHB Spencer Curry 0-0: Ball
1-0: Ground out 6-3 (Groundball, 6)
Batting: RHB Jim Unknown 0-0: Fly out, F7 (Line Drive, 7M)
Bottom of the 5th over - 0 run(s), 0 hit(s), 0 error(s), 0 left on base; Thomasville 2 - Saint-Jérôme 3
TOP OF THE 6TH
Thomasville Lookouts batting - Pitching for Saint-Jérôme Amish : RHP Jim Unknown
Batting: RHB Javier González 0-0: Ball
1-0: Fly out, F9 (Line Drive, 9S)
Batting: RHB Dave Rogers 0-0: Called Strike
0-1: Ball
1-1: Ground out 6-3 (Groundball, 6S)
Batting: RHB Jim Unknown 0-0: Foul Ball, location: 2F
0-1: Ball
1-1: Ground out 4-3 (Groundball, 4M)
Top of the 6th over - 0 run(s), 0 hit(s), 0 error(s), 0 left on base; Thomasville 2 - Saint-Jérôme 3
BOTTOM OF THE 6TH
Saint-Jérôme Amish batting - Pitching for Thomasville Lookouts : RHP Jim Unknown
Batting: RHB Walt Richard 0-0: Called Strike
0-1: Swinging Strike
0-2: Ball
1-2: Ball
2-2: Ball
3-2: Foul Ball, location: 2F
3-2: Ground out 6-3 (Groundball, 6M)
Batting: RHB Archie Brush 0-0: Ball
1-0: Ball
2-0: Called Strike
2-1: SINGLE (Line Drive, 78S)
Batting: LHB Jim Unknown 0-0: Ball
1-0: SINGLE (Line Drive, 89S)
Archie Brush to second
Batting: RHB Jim Unknown 0-0: Ball
1-0: Called Strike
1-1: Ball
2-1: Swinging Strike
2-2: Fly out, F8 (Flyball, 8RM)
Batting: LHB Jim Unknown 0-0: Called Strike
0-1: Foul Ball, location: 2F
0-2: SINGLE (Groundball, 34D)
Archie Brush to third
Jim Unknown to second
Runner from 3rd tries for Home, SAFE, no throw or cutoff
Batting: RHB Jim Unknown 0-0: Ground out 4-3 (Groundball, 4)
Bottom of the 6th over - 1 run(s), 3 hit(s), 0 error(s), 2 left on base; Thomasville 2 - Saint-Jérôme 4
TOP OF THE 7TH
Thomasville Lookouts batting - Pitching for Saint-Jérôme Amish : RHP Jim Unknown
Batting: RHB Jim Unknown 0-0: Ball
1-0: Ball
2-0: Called Strike
2-1: Called Strike
2-2: Strikes out looking
Batting: RHB Juan Gonzáles 0-0: Ball
1-0: Called Strike
1-1: Called Strike
1-2: Fly out, F2 (Popup, 2LF)
Batting: RHB José Moreno 0-0: DOUBLE (Line Drive, 5L)
Batting: RHB Jim Unknown 0-0: SINGLE (Groundball, 56D)
José Moreno to third
Runner from 3rd tries for Home, SAFE, no throw or cutoff
Batting: LHB Pat Carrasco 0-0: Ball
1-0: Foul Ball, location: 2F
1-1: Ball
2-1: Swinging Strike
2-2: Foul Ball, location: 2F
2-2: Ball
3-2: SINGLE (Groundball, 4)
Jim Unknown to second
Jim Unknown to third
Pitching: LHP Jim Unknown
Batting: RHB Jim Unknown 0-0: Ball
1-0: Ground out 6-3 (Groundball, 6)
Top of the 7th over - 1 run(s), 3 hit(s), 0 error(s), 2 left on base; Thomasville 3 - Saint-Jérôme 4
BOTTOM OF THE 7TH
Saint-Jérôme Amish batting - Pitching for Thomasville Lookouts : RHP Jim Unknown
Batting: RHB Jim Unknown 0-0: Ball
1-0: Foul Ball, location: 2F
1-1: Ball
2-1: Ball
3-1: Base on Balls
Batting: RHB Spencer Curry 0-0: Ball
1-0: Bunt missed!
1-1: Bunted foul
1-2: Ball
2-2: Foul Ball, location: 2F
2-2: Ball
3-2: Base on Balls
Jim Unknown to second
Batting: RHB Jim Unknown 0-0: Ball
1-0: Fielders Choice at 2nd, 3-6 (Groundball, 3)
Jim Unknown to third
Batting: RHB Walt Richard 0-0: Swinging Strike
0-1: Ball
1-1: Ball
2-1: Foul Ball, location: 2F
2-2: Strikes out looking
Pitching: LHP Jim Unknown
Batting: RHB Archie Brush 0-0: Foul Ball, location: 2F
0-1: Ball
1-1: SINGLE (Groundball, 56D)
Jim Unknown scores
Jim Unknown to second
Batting: LHB Jim Unknown 0-0: Ball
1-0: Called Strike
1-1: Called Strike
1-2: Ball
2-2: Ball
3-2: SINGLE (Groundball, 4)
Jim Unknown to third
Archie Brush to second
Jim Unknown scores
Archie Brush to third
Batting: RHB Jim Unknown 0-0: Ball
1-0: Called Strike
1-1: Ball
2-1: Swinging Strike
2-2: SINGLE (Groundball, 4MD) (infield hit)
Archie Brush scores
Jim Unknown to second
Batting: LHB Jim Unknown 0-0: Ball
1-0: Ball
2-0: Ball
3-0: Called Strike
3-1: Called Strike
3-2: Base on Balls
Jim Unknown to third
Jim Unknown to second
Batting: RHB Jim Unknown 0-0: Fly out, F8 (Flyball, 89XD)
Bottom of the 7th over - 3 run(s), 3 hit(s), 0 error(s), 3 left on base; Thomasville 3 - Saint-Jérôme 7
TOP OF THE 8TH
Thomasville Lookouts batting - Pitching for Saint-Jérôme Amish : LHP Jim Unknown
Batting: RHB Javier González 0-0: Ball
1-0: Called Strike
1-1: SINGLE (Groundball, 6MD)
Batting: RHB Dave Rogers 0-0: Ball
1-0: Foul Ball, location: 2F
1-1: Grounds into double play, 1-6-3 (Groundball, 13)
Batting: RHB Jim Unknown 0-0: Ball
1-0: Ball
2-0: Swinging Strike
2-1: SINGLE (Groundball, 56)
Batting: RHB Jim Unknown 0-0: Swinging Strike
0-1: DOUBLE (Flyball, 89D)
Jim Unknown to third
Pitching: RHP Jim Unknown
Batting: RHB Juan Gonzáles 0-0: Called Strike
0-1: Ball
1-1: DOUBLE (Line Drive, 9LS)
Jim Unknown scores
Jim Unknown scores
Batting: RHB José Moreno 0-0: Ball
1-0: Called Strike
1-1: Foul Ball, location: 2F
1-2: Ball
2-2: Ground out 5-3 (Groundball, 5)
Top of the 8th over - 2 run(s), 4 hit(s), 0 error(s), 1 left on base; Thomasville 5 - Saint-Jérôme 7
BOTTOM OF THE 8TH
Saint-Jérôme Amish batting - Pitching for Thomasville Lookouts : LHP Jim Unknown
Batting: RHB Jim Unknown 0-0: Ball
1-0: Called Strike
1-1: SINGLE (Groundball, 6D)
Batting: RHB Spencer Curry 0-0: Bunted foul
0-1: Bunted foul
0-2: Ball
1-2: Foul Ball, location: 2F
1-2: Grounds into double play, 6-4-3 (Groundball, 6)
Batting: RHB Jim Unknown 0-0: Ball
1-0: Ball
2-0: Swinging Strike
2-1: Foul Ball, location: 2F
2-2: Fly out, F9 (Flyball, 9M)
Bottom of the 8th over - 0 run(s), 1 hit(s), 0 error(s), 0 left on base; Thomasville 5 - Saint-Jérôme 7
TOP OF THE 9TH
Thomasville Lookouts batting - Pitching for Saint-Jérôme Amish : RHP Jim Unknown
Pitching: LHP Jim Unknown
Batting: RHB Jim Unknown 0-0: Ball
1-0: Swinging Strike
1-1: Fly out, F9 (Flyball, 9S)
Batting: LHB Pat Carrasco 0-0: Foul Ball, location: 2F
0-1: Swinging Strike
0-2: Hit by Pitch
Batting: RHB Jim Unknown 0-0: Ball
1-0: Ball
2-0: Ball
3-0: Base on Balls
Pat Carrasco to second
Pinch Hitting: RHB Jim Unknown 0-0: Called Strike
0-1: Swinging Strike
0-2: Strikes out swinging
Batting: RHB Dave Rogers 0-0: Ball
1-0: Ball
2-0: Called Strike
2-1: SINGLE (Line Drive, 6MD)
Pat Carrasco to third
Jim Unknown to second
Batting: RHB Jim Unknown 0-0: Swinging Strike
0-1: Ball
1-1: Ball
2-1: Ball
3-1: Foul Ball, location: 2F
3-2: Base on Balls
Pat Carrasco scores
Jim Unknown to third
Dave Rogers to second
Batting: RHB Jim Unknown 0-0: Called Strike
0-1: Ball
1-1: Ball
2-1: Ball
3-1: Called Strike
3-2: Base on Balls
Jim Unknown scores
Dave Rogers to third
Jim Unknown to second
Pitching: RHP Jim Unknown
Batting: RHB Juan Gonzáles 0-0: Called Strike
0-1: Foul Ball, location: 2F
0-2: Foul Ball, location: 2F
0-2: Ball
1-2: Fly out, F7 (Flyball, 78M)
Top of the 9th over - 2 run(s), 1 hit(s), 0 error(s), 3 left on base; Thomasville 7 - Saint-Jérôme 7
BOTTOM OF THE 9TH
Saint-Jérôme Amish batting - Pitching for Thomasville Lookouts : LHP Jim Unknown
Pitching: RHP Jim Unknown
Now at 3B: Chris West
Batting: RHB Walt Richard 0-0: Called Strike
0-1: Foul Ball, location: 2F
0-2: Strikes out swinging
Pinch Hitting: LHB Jim Unknown 0-0: Ball
1-0: Foul Ball, location: 2F
1-1: Ball
2-1: Ball
3-1: Foul Ball, location: 2F
3-2: Base on Balls
Batting: LHB Jim Unknown 0-0: Ball
1-0: Swinging Strike
1-1: Called Strike
1-2: Fly out, F9 (Flyball, 89XD)
Pinch Hitting: RHB Jim Unknown 0-0: Ball
1-0: Called Strike
1-1: Ground out 5-3 (Groundball, 5S)
Bottom of the 9th over - 0 run(s), 0 hit(s), 0 error(s), 1 left on base; Thomasville 7 - Saint-Jérôme 7
TOP OF THE 10TH
Thomasville Lookouts batting - Pitching for Saint-Jérôme Amish : RHP Jim Unknown
Now at 2B: Jim Unknown
Batting: RHB José Moreno 0-0: Ball
Now in RF: Jim Unknown 1-0: Ball
2-0: Called Strike
2-1: Ball
3-1: Base on Balls
Batting: RHB Jim Unknown 0-0: Ball
1-0: Sac Bunt - play at first, batter OUT! 5-4
José Moreno to second
Batting: LHB Pat Carrasco 0-0: Intentional Walk
Batting: RHB Jim Unknown 0-0: Foul Ball, location: 2F
0-1: Called Strike
0-2: Ball
1-2: Strikes out looking
Batting: LHB Chris West 0-0: Foul Ball, location: 2F
0-1: Ball
1-1: Fly out, F5 (Popup, 56)
Top of the 10th over - 0 run(s), 0 hit(s), 0 error(s), 2 left on base; Thomasville 7 - Saint-Jérôme 7
BOTTOM OF THE 10TH
Saint-Jérôme Amish batting - Pitching for Thomasville Lookouts : RHP Jim Unknown
Batting: LHB Jim Unknown 0-0: Ball
1-0: Reached on error, E5 (Groundball, 5S)
Batting: RHB Jim Unknown 0-0: Ball
1-0: Ball
2-0: Ball
3-0: Base on Balls
Jim Unknown to second
Batting: RHB Jim Unknown 0-0: Ball
1-0: Foul Ball, location: 2F
1-1: Swinging Strike
1-2: Ball
2-2: Fly out, F6 (Line Drive, 6)
Batting: RHB Spencer Curry 0-0: Called Strike
Jim Unknown steals 3rd base
0-1: Swinging Strike
0-2: Strikes out swinging
Batting: RHB Jim Unknown 0-0: Foul Ball, location: 2F
0-1: Swinging Strike
0-2: Ball
1-2: Fly out, F4 (Popup, 3L)
Bottom of the 10th over - 0 run(s), 0 hit(s), 1 error(s), 2 left on base; Thomasville 7 - Saint-Jérôme 7
TOP OF THE 11TH
Thomasville Lookouts batting - Pitching for Saint-Jérôme Amish : RHP Jim Unknown
Batting: RHB Dave Rogers 0-0: Ball
1-0: Ball
2-0: Called Strike
2-1: Foul Ball, location: 2F
2-2: Strikes out swinging
Batting: RHB Jim Unknown 0-0: Called Strike
0-1: Ball
1-1: Foul Ball, location: 2F
1-2: Foul Ball, location: 2F
1-2: Ball
2-2: Ball
Single, Error in OF, E9, batter to second base
Batting: RHB Jim Unknown 0-0: Intentional Walk
Batting: RHB Juan Gonzáles 0-0: Ball
1-0: Ball
2-0: Ball
3-0: Base on Balls
Jim Unknown to third
Jim Unknown to second
Batting: RHB José Moreno 0-0: Fly out, F4 (Popup, 4D)
Batting: RHB Jim Unknown 0-0: Called Strike
0-1: Ball
1-1: Swinging Strike
1-2: Strikes out swinging
Top of the 11th over - 0 run(s), 1 hit(s), 1 error(s), 3 left on base; Thomasville 7 - Saint-Jérôme 7
BOTTOM OF THE 11TH
Saint-Jérôme Amish batting - Pitching for Thomasville Lookouts : RHP Jim Unknown
Pitching: LHP Jim Unknown
Batting: RHB Walt Richard 0-0: Called Strike
0-1: Ball
1-1: Foul Ball, location: 2F
1-2: Ball
2-2: Foul Ball, location: 2F
2-2: Ball
3-2: Foul Ball, location: 2F
3-2: Foul Ball, location: 2F
3-2: Base on Balls
Batting: LHB Jim Unknown 0-0: Ball
1-0: SINGLE (Groundball, 56D)
Walt Richard to second
Batting: LHB Jim Unknown 0-0: Ball
1-0: Swinging Strike
1-1: Hit by Pitch
Walt Richard to third
Jim Unknown to second
Batting: RHB Jim Unknown 0-0: Called Strike
0-1: Ball
1-1: Foul Ball, location: 2F
1-2: Ball
2-2: Strikes out looking
Batting: LHB Jim Unknown 0-0: Ball
1-0: Ball
2-0: Ball
3-0: Base on Balls
Walt Richard scores
Jim Unknown to third
Jim Unknown to second
GAME OVER ... SAINT
Jérôme defeats Thomasville, 8 to 7
This league is powered by Out of the Park Baseball, the baseball management simulation game for PC, Mac and Linux
Saturday, February 27th, 2021 - OOTP Baseball 15.6 Build 34